 Dungeon Crawl Stone Soup version 0.28-a0-503-g83f2989fac (webtiles) character file.

Game seed: 17798493059073253846

859 spiderkeys the Skirmisher (level 8, 0/100 HPs)
             Began as a Gnoll Abyssal Knight on Sept 21, 2021.
             Was a Believer of Lugonu.
             Slain by an orc (1 damage)
             ... on level 4 of the Dungeon.
             The game lasted 00:06:52 (4657 turns).

spiderkeys the Skirmisher (Gnoll Abyssal Knight)    Turns: 4657, Time: 00:06:53

Health: 0/100      AC: 24    Str: 12    XL:     8   Next: 2%
Magic:  12/12      EV:  2    Int: 10    God:    Lugonu [**....]
Gold:   225        SH:  0    Dex: 13    Spells: 12/12 levels left

rFire   . . .      SeeInvis .   r - +0 trident
rCold   . . .      Faith    .   (no shield)
rNeg    + + +      Spirit   .   (armour currently unavailable)
rPois   +          Reflect  .   (helmet currently unavailable)
rElec   .          Harm     .   (cloak currently unavailable)
rCorr   .          Rampage  .   (gloves currently unavailable)
Will    +....      NoTele   +   (boots currently unavailable)
Stlth   ++........              (no amulet)
HPRegen 0.26/turn               m - ring "Modah" {rPois Will+ EV+4}
MPRegen 0.13/turn               (no ring)

@: tree-form
A: stationary, stasis, torment immunity, boosted hp, (fangs 1), strong nose,
distributed training, (hooves 1), deterioration 1, weak 1
a: Renounce Religion, Depart the Abyss, Bend Space


You were on level 4 of the Dungeon.
You worshipped Lugonu.
Lugonu was pleased with you.
You were a tree.
You visited 1 branch of the dungeon, and saw 4 of its levels.
You visited the Abyss 1 time.

You collected 225 gold pieces.


Innate Abilities, Weirdness & Mutations

You are a tree.
Your roots penetrate the ground, keeping you stationary.
You cannot be teleported.
You are immune to unholy pain and torment.
Your maximum health is greatly increased.
Your equipment is partially melded.
((You have very sharp teeth.))
Your uncanny sense of smell can sniff out nearby items.
Your experience applies equally to all skills.
((You have large cloven feet.))
Your body sometimes deteriorates upon taking damage.
You are weak. (Str -2)


   Skills:
 + Level 7.2 Fighting
 + Level 2.8 Short Blades
 + Level 2.8 Long Blades
 + Level 2.8 Axes
 + Level 2.8 Maces & Flails
 + Level 5.4 Polearms
 + Level 2.8 Staves
 + Level 2.8 Slings
 + Level 2.8 Bows
 + Level 2.8 Crossbows
 + Level 2.8 Throwing
 + Level 5.4 Armour
 + Level 3.9 Dodging
 + Level 2.8 Stealth
 + Level 2.8 Shields
 + Level 2.8 Unarmed Combat
 + Level 2.8 Spellcasting
 + Level 2.3 Conjurations
 + Level 2.3 Hexes
 + Level 2.3 Summonings
 + Level 2.3 Necromancy
 + Level 2.3 Translocations
 + Level 2.3 Transmutations
 + Level 2.3 Fire Magic
 + Level 2.3 Ice Magic
 + Level 2.3 Air Magic
 + Level 2.3 Earth Magic
 + Level 2.3 Poison Magic
 + Level 5.6 Invocations
 + Level 2.8 Evocations


You had 12 spell levels left.
You didn't know any spells.
Your spell library contained the following spells:

 Spells                   Type           Power      Damage    Failure   Level
 Ensorcelled Hibernation  Hex/Ice        12%        N/A       17%         2
 Spider Form              Tmut/Pois      3%         N/A       32%         3

Inventory:

Hand Weapons
 a - a +1 spear
 n - a +2 whip of freezing
   (You took it off a kobold on level 2 of the Dungeon)
 r - a +0 trident (weapon)
   (You took it off an orc on level 3 of the Dungeon)
Missiles
 c - 146 stones
 d - 35 sling bullets
 h - 34 arrows
 j - 7 datura-tipped darts
 q - 59 bolts
 s - 9 poisoned darts
Armour
 b - a +1 leather armour (melded)
Jewellery
 m - the ring "Modah" (left branch) {rPois Will+ EV+4}
   (You acquired it on level 2 of the Dungeon)

   [ring of evasion]

   EV:        It affects your evasion (+4).
   rPois:     It protects you from poison.
   Will:      It increases your willpower.
 v - a ring of see invisible
   (You found it on level 3 of the Dungeon)
Wands
 p - a wand of flame (2)
   (You took it off Grinder on level 3 of the Dungeon)
Scrolls
 f - a scroll of enchant armour
 k - 2 scrolls of teleportation {@r4}
 l - 2 scrolls of fear
 t - a scroll of identify {@r1}
Potions
 e - a potion of brilliance
 g - 2 potions of curing {@q1}
 i - a potion of mutation {!q}

Dungeon Overview and Level Annotations

Branches:
Dungeon (4/15)
 Temple: D:4-7

Altars:
Wu Jian
Zin

Shops:
D:1 : D:3

: ###########
##########.........#
#..(.o♣....#######.#
#.###)o............#
#.....########..###
...........#####....##
#.#.....##...........#
##.#...#########.##..#
##.#.## #.##..# ##...
#.##..# #######.##..#


You could see an orc priest and an orc.


Message History

The orc priest calls down the wrath of Beogh upon you.
You resist with some effort. The orc misses you.
The orc priest misses you. 😨 HP[+1]
You hit the orc priest but do no damage.
The orc priest closely misses you. The orc closely misses you.
The orc priest hits you but does no damage.
You hit the orc priest. The orc priest hits you with a +0 club.
* * * LOW HITPOINT WARNING * * *
The orc hits you with a +0 dagger.
* * * LOW HITPOINT WARNING * * *
The orc priest invokes the aid of Beogh against you.
Pain shoots through your body!
* * * LOW HITPOINT WARNING * * *
😱 HP[-15]
You take 15 damage, and now have 14/60 hp.
MASSIVE DAMAGE!! (PAUSE) It was a potion of mutation.
You feel extremely strange.
You feel weaker.
You feel yourself wasting away.
Your feet thicken and deform.
The orc priest hits you with a +0 club.
* * * LOW HITPOINT WARNING * * *
The orc misses you.
The orc priest closely misses you. 😱 HP[-6]
You take 6 damage, and now have 8/60 hp.
Unknown command.
It was a potion of lignification.
You turn into a tree.
Your +1 leather armour melds into your body.
Your roots penetrate the ground.
The orc priest hits you but does no damage.
The orc hits you but does no damage.
The orc priest hits you but does no damage. 😱 HP[+5]
You now have 90 max hp (+30).
You regained 5 hp, and now have 13/90 hp.
You completely miss the orc priest.
The orc priest hits you but does no damage.
The orc hits you but does no damage.
The orc priest begins to cast a cantrip, but forgets the words!
You hit the orc priest but do no damage.
The orc priest hits you but does no damage.
The orc hits you but does no damage.
The orc priest casts a cantrip, but nothing happens.
The orc priest hits you but does no damage. 😱 HP[+1]
You hit the orc priest. The orc hits you but does no damage.
The orc priest hits you but does no damage. x2
You barely miss the orc priest. The orc hits you but does no damage.
The orc priest hits you but does no damage. x2
The orc hits you but does no damage.
You completely miss the orc priest.
The orc priest begins to cast a cantrip, but forgets the words!
The orc priest hits you but does no damage.
The orc hits you but does no damage.
You hit the orc priest but do no damage.
The orc priest hits you but does no damage. x2
The orc hits you but does no damage. 😱 HP[+1]
You hit the orc priest.
The orc priest casts a cantrip, but nothing happens.
The orc priest calls upon Beogh to heal the orc priest.
The orc priest is healed somewhat.
The orc hits you but does no damage.
The orc priest hits you but does no damage.
You hit the orc priest but do no damage.
The orc priest looks braver for a moment.
The orc completely misses you.
The orc priest calls down the wrath of Beogh upon you.
Beogh smites you!
* * * LOW HITPOINT WARNING * * *
😱 HP[-7]
You take 7 damage, and now have 8/90 hp.
You hit the orc priest but do no damage.
The orc priest hits you but does no damage.
The orc hits you but does no damage.
The orc priest hits you but does no damage.
You puncture the orc priest!
You kill the orc priest!
Lugonu accepts your kill. The orc priest hits you with a +0 club.
* * * LOW HITPOINT WARNING * * *
The orc hits you but does no damage.
You have reached level 8!
You feel clever. 😱 HP[-2] MP[+1]
You now have 100 max hp (+10).
Your mp is fully restored (12).
You closely miss the orc priest.
The orc priest hits you but does no damage.
The orc hits you but does no damage. 😱 HP[+1]
You hit the orc priest but do no damage.
The orc priest hits you with a +0 club.
* * * LOW HITPOINT WARNING * * *
The orc completely misses you. 😱 HP[-3]
You take 3 damage, and now have 4/100 hp.
You hit the orc priest but do no damage.
The orc priest hits you but does no damage.
The orc hits you but does no damage.
You barely miss the orc priest. The orc priest hits you with a +0 club.
* * * LOW HITPOINT WARNING * * *
The orc hits you with a +0 dagger.
You die...

Skill      XL: |  1  2  3  4  5  6  7 |
---------------+----------------------+-----
Short Blades   | 1 2 |  2.8
Long Blades    | 1 2 |  2.8
Axes           | 1 2 |  2.8
Maces & Flails | 1 2 |  2.8
Staves         | 1 2 |  2.8
Slings         | 1 2 |  2.8
Bows           | 1 2 |  2.8
Crossbows      | 1 2 |  2.8
Throwing       | 1 2 |  2.8
Dodging        | 3 |  3.9
Stealth        | 1 2 |  2.8
Shields        | 1 2 |  2.8
Unarmed Combat | 1 2 |  2.8
Spellcasting   | 1 2 |  2.8
Conjurations   | 1 2 |  2.3
Hexes          | 1 2 |  2.3
Summonings     | 1 2 |  2.3
Necromancy     | 1 2 |  2.3
Translocations | 1 2 |  2.3
Transmutations | 1 2 |  2.3
Fire Magic     | 1 2 |  2.3
Ice Magic      | 1 2 |  2.3
Air Magic      | 1 2 |  2.3
Earth Magic    | 1 2 |  2.3
Poison Magic   | 1 2 |  2.3
Evocations     | 1 2 |  2.8
Invocations    | 5 |  5.6
Polearms       | 5 |  5.4
Armour         | 5 |  5.4
Fighting       | 7 |  7.2

Action                   |  1- 3 |  4- 6 |  7- 9 || total
-------------------------+-------+-------+-------++-------
Melee: Spear             |       |   108 |       ||   108
       Whip              |       |    37 |    64 ||   101
       Bite              |       |    16 |    19 ||    35
       Punch             |       |     2 |     3 ||     5
       Trident           |       |       |   115 ||   115
Throw: Dart              |       |       |     3 ||     3
       Stone             |       |       |     1 ||     1
Invok: Depart the Abyss  |       |     1 |       ||     1
  Use: Scroll            |     1 |     7 |     3 ||    11
       Potion            |       |     1 |     3 ||     4
 Stab: Sleeping          |       |     3 |     1 ||     4
Armor: Leather armour    |       |    16 |    23 ||    39
       Skin              |       |       |    30 ||    30
Dodge: Dodged            |       |    56 |   121 ||   177

Levels and vault maps discovered:
D:1:      dpeg_arrival_water_altar, layout_loops_cross, basic_ecumenical_altar,
          serial_shops, shop
D:2:      layout_basic, basic_altar
D:3:      layout_basic, serial_shops, nicolae_shop_behind_doors,
          amcnicky_mini_pool_small, st_stairs_13, mrwooster_statue_mirror,
          chequers_jeans, uniq_grinder
D:4:      layout_loops_ring, minmay_misc_feat_pillars, sigmund_army

Notes
Turn   | Place    | Note
-------+----------+-------------------------------------------
     0 | Abyss:1  | spiderkeys the Gnoll Abyssal Knight began the quest for the
                  | Orb.
     0 | Abyss:1  | Reached XP level 1. HP: 23/23 MP: 3/3
     0 | Abyss:1  | magus.rc [v1.9.10]
    36 | Abyss:1  | Noticed a shadow
    44 | Abyss:1  | Killed a shadow
    45 | Abyss:1  | Reached skill level 1 in Short Blades
    45 | Abyss:1  | Reached skill level 1 in Long Blades
    45 | Abyss:1  | Reached skill level 1 in Axes
    45 | Abyss:1  | Reached skill level 1 in Maces & Flails
    45 | Abyss:1  | Reached skill level 1 in Staves
    45 | Abyss:1  | Reached skill level 1 in Slings
    45 | Abyss:1  | Reached skill level 1 in Bows
    45 | Abyss:1  | Reached skill level 1 in Crossbows
    45 | Abyss:1  | Reached skill level 1 in Throwing
    45 | Abyss:1  | Reached skill level 3 in Dodging
    45 | Abyss:1  | Reached skill level 1 in Stealth
    45 | Abyss:1  | Reached skill level 1 in Shields
    45 | Abyss:1  | Reached skill level 1 in Unarmed Combat
    45 | Abyss:1  | Reached skill level 1 in Spellcasting
    45 | Abyss:1  | Reached skill level 1 in Conjurations
    45 | Abyss:1  | Reached skill level 1 in Hexes
    45 | Abyss:1  | Reached skill level 1 in Summonings
    45 | Abyss:1  | Reached skill level 1 in Necromancy
    45 | Abyss:1  | Reached skill level 1 in Translocations
    45 | Abyss:1  | Reached skill level 1 in Transmutations
    45 | Abyss:1  | Reached skill level 1 in Fire Magic
    45 | Abyss:1  | Reached skill level 1 in Ice Magic
    45 | Abyss:1  | Reached skill level 1 in Air Magic
    45 | Abyss:1  | Reached skill level 1 in Earth Magic
    45 | Abyss:1  | Reached skill level 1 in Poison Magic
    45 | Abyss:1  | Reached skill level 1 in Evocations
    45 | Abyss:1  | Reached XP level 2. HP: 22/29 MP: 5/5
    45 | Abyss:1  | Reached XP level 3. HP: 27/35 MP: 6/6
    45 | Abyss:1  | Reached XP level 4. HP: 32/41 MP: 7/7
    45 | Abyss:1  | Reached XP level 5. HP: 37/47 MP: 8/8
    67 | Abyss:1  | Found a corrupted altar of Lugonu.
    87 | Abyss:2  | Noticed a chaos spawn
    90 | Abyss:2  | Killed a chaos spawn
    91 | Abyss:2  | Reached skill level 5 in Invocations
    91 | Abyss:2  | Reached XP level 6. HP: 49/53 MP: 9/9
   129 | Abyss:2  | Noticed an ancient zyme
   137 | Abyss:2  | Noticed a small abomination
   137 | Abyss:2  | Noticed an ancient zyme
   141 | Abyss:2  | Noticed a vampire
   149 | Abyss:2  | HP: 19/79 [ancient zyme (13)]
   152 | Abyss:2  | Noticed a worldbinder
   154 | D:1      | You pass through the gate.
   154 | D:1      | Escaped the Abyss
   547 | D:1      | Found Qyts's Book Emporium.
   722 | D:1      | Reached * piety under Lugonu
   723 | D:1      | Reached skill level 5 in Polearms
   723 | D:1      | Reached skill level 5 in Armour
   892 | D:1      | Reached skill level 2 in Short Blades
   892 | D:1      | Reached skill level 2 in Long Blades
   892 | D:1      | Reached skill level 2 in Axes
   892 | D:1      | Reached skill level 2 in Maces & Flails
   892 | D:1      | Reached skill level 2 in Staves
   892 | D:1      | Reached skill level 2 in Slings
   892 | D:1      | Reached skill level 2 in Bows
   892 | D:1      | Reached skill level 2 in Crossbows
   892 | D:1      | Reached skill level 2 in Throwing
   892 | D:1      | Reached skill level 2 in Stealth
   892 | D:1      | Reached skill level 2 in Shields
   892 | D:1      | Reached skill level 2 in Unarmed Combat
   892 | D:1      | Reached skill level 2 in Spellcasting
   892 | D:1      | Reached skill level 2 in Evocations
  1108 | D:1      | Found a faded altar of an unknown god.
  1382 | D:1      | Found a glowing silver altar of Zin.
  1837 | D:2      | Noticed a necrophage
  1848 | D:2      | Killed a necrophage
  1849 | D:2      | Reached XP level 7. HP: 41/59 MP: 10/10
  1993 | D:2      | Reached ** piety under Lugonu
  2199 | D:2      | Identified a scroll of acquirement
  2200 | D:2      | Acquired the ring "Modah" {rPois Will+ EV+4}
  2392 | D:2      | Found an ornate altar of the Wu Jian Council.
  2501 | D:3      | Noticed Grinder
  2645 | D:3      | HP: 14/59 [Grinder (1)]
  2846 | D:3      | Paralysed by Grinder for 4 turns
  3101 | D:3      | Killed Grinder
  3102 | D:3      | Reached skill level 7 in Fighting
  3102 | D:3      | Reached skill level 2 in Conjurations
  3102 | D:3      | Reached skill level 2 in Hexes
  3102 | D:3      | Reached skill level 2 in Summonings
  3102 | D:3      | Reached skill level 2 in Necromancy
  3102 | D:3      | Reached skill level 2 in Translocations
  3102 | D:3      | Reached skill level 2 in Transmutations
  3102 | D:3      | Reached skill level 2 in Fire Magic
  3102 | D:3      | Reached skill level 2 in Ice Magic
  3102 | D:3      | Reached skill level 2 in Air Magic
  3102 | D:3      | Reached skill level 2 in Earth Magic
  3102 | D:3      | Reached skill level 2 in Poison Magic
  3312 | D:3      | Found Dudia's Book Emporium.
  3781 | D:3      | You pick up a book of Dreams and begin reading...
  3781 | D:3      | You add the spells Ensorcelled Hibernation and Spider Form
                  | to your library.
  4641 | D:4      | HP: 14/60 [orc priest/nerve-wracking pain (13)]
  4642 | D:4      | Gained mutation: You are weak. (Str -2) [potion of
                  | mutation]
  4642 | D:4      | Gained mutation: Your body sometimes deteriorates upon
                  | taking damage. [potion of mutation]
  4642 | D:4      | Gained mutation: You have large cloven feet. [potion of
                  | mutation]
  4651 | D:4      | HP: 8/90 [orc priest/divine providence (7)]
  4654 | D:4      | Reached XP level 8. HP: 6/67 MP: 12/12
  4657 | D:4      | HP: 1/100 [orc priest (3)]
  4657 | D:4      | Slain by an orc

Vanquished Creatures
  Grinder (D:3)
  A shadow (Abyss:1)
  A chaos spawn (Abyss:2)
  A black bear (D:4)
  A necrophage (D:2)
  An orc priest (D:4)
  A hound (D:4)
  An iguana (D:2)
  An orc wizard (D:3)
  2 adders
  A shadow imp (D:3)
  2 worms
  A dart slug (D:1)
  6 orcs
  8 ball pythons
  4 bats
  3 endoplasms
  A giant cockroach (D:2)
  7 goblins
  6 hobgoblins
  7 jackals (D:1)
  9 kobolds
  5 quokkas
  A frilled lizard (D:3)
  5 rats (D:1)
77 creatures vanquished.

Table legend:
 A = Non-vault XP
 B = Vault XP
 C = Vault XP percentage of total XP
 D = Non-vault monster count
 E = Vault monster count
 F = Vault count percentage of total count
                 A         B        C        D         E       F
            +---------+---------+-------+---------+---------+-------
      Total |     964 |     264 |  21.5 |      75 |       2 |   2.6
            +---------+---------+-------+---------+---------+-------
        D:1 |      53 |       0 |   0.0 |      30 |       0 |   0.0
        D:2 |     189 |       0 |   0.0 |      22 |       0 |   0.0
        D:3 |      81 |     264 |  76.5 |      12 |       2 |  14.3
        D:4 |     239 |       0 |   0.0 |       9 |       0 |   0.0
    Abyss:1 |     219 |       0 |   0.0 |       1 |       0 |   0.0
    Abyss:2 |     183 |       0 |   0.0 |       1 |       0 |   0.0
            +---------+---------+-------+---------+---------+-------

Illustrated notes

Table legend:
 A = Kills in this place as a percentage of kills in entire the game.
 B = Kills by you in this place as a percentage of kills by you in the entire game.
 C = Kills by friends in this place as a percentage of kills by friends in the entire game.
 D = Other kills in this place as a percentage of other kills in the entire game.
 E = Experience gained in this place as a percentage of experience gained in the entire game.
 F = Experience gained in this place divided by the number of levels of this place that you have seen.
                   A       B       C       D       E      F
               +-------+-------+-------+-------+-------+----------------------
         Total | 100.0 | 100.0 |   N/A |   N/A | 100.0 | 204.7
       Dungeon |  97.4 |  97.4 |   N/A |   N/A |  67.3 | 206.5
         Abyss |   2.6 |   2.6 |   N/A |   N/A |  32.7 | 201.0
               +-------+-------+-------+-------+-------+----------------------

Table legend: (Time is in decaauts)
 A = Elapsed time spent in this place.
 B = Non-inter-level travel time spent in this place.
 C = Inter-level travel time spent in this place.
 D = Time resting spent in this place.
 E = Time spent auto-exploring this place.
 F = Levels seen in this place.
 G = Mean time per level.
                   A        B        C        D        E       F      G
               +--------+--------+--------+--------+--------+-----+--------+
         Total |   4667 |   4619 |     48 |    902 |   2932 |   6 |  777.8 |
       Dungeon |   4514 |   4466 |     48 |    881 |   2927 |   4 | 1128.5 |
         Abyss |    152 |    152 |      0 |     21 |      5 |   2 |   76.0 |
               +--------+--------+--------+--------+--------+-----+--------+

Top non-repeatable levels by time:
     D:2: 1569 daAuts
     D:1: 1250 daAuts
     D:3: 1159 daAuts
     D:4: 534 daAuts
 Abyss:2: 83 daAuts
 Abyss:1: 69 daAuts
